 Dungeon Crawl Stone Soup version 0.22-a0-469-gf26638a (webtiles) character file.

1320 4thArraOfDagon the Carver (level 8, -23/73 HPs)
             Began as a Minotaur Monk on June 13, 2018.
             Killed from afar by a bullfrog (50 damage)
             ... with an exploding inner flame
             ... hexed by the player character
             ... on level 9 of the Dungeon.
             The game lasted 00:08:04 (1610 turns).

4thArraOfDagon the Carver (Minotaur Monk)           Turns: 1610, Time: 00:08:04

Health: -23/73     AC:  3    Str: 16    XL:     8   Next: 33%
Magic:  7/7        EV: 15    Int:  9    God:
Gold:   147        SH:  0    Dex: 13    Spells: 7/7 levels left

rFire    . . .     SeeInvis .   e - +0 scimitar
rCold    . . .     Gourm    .   (no shield)
rNeg     + . .     Faith    .   i - +0 robe
rPois    .         Spirit   .   (helmet restricted)
rElec    .         Reflect  .   (no cloak)
rCorr    .         Harm     .   n - +0 pair of gloves
MR       .....                  (no boots)
Stlth    ++........             (no amulet)
HPRegen  0.22/turn              k - ring of positive energy
MPRegen  0.10/turn              (no ring)

@: no status effects
A: retaliatory headbutt, horns 2
a: no special abilities


You were on level 9 of the Dungeon.
You were hungry.

You visited 1 branch of the dungeon, and saw 9 of its levels.
You also visited: Ossuary.

You collected 147 gold pieces.

Inventory:

Hand Weapons
 a - a +0 falchion
 e - a +0 scimitar (weapon)
Missiles
 m - 7 curare-tipped needles
Armour
 b - a +0 robe
 i - a +0 robe (worn)
 n - a +0 pair of gloves (worn)
Jewellery
 k - a ring of positive energy (left hand)
Wands
 g - a wand of paralysis (2)
 h - a wand of flame (28)
Scrolls
 d - 3 scrolls of identify
 f - 7 scrolls of remove curse
 j - 2 scrolls of fog
Potions
 l - a potion of brilliance
 o - a potion of flight
Comestibles
 c - 6 rations


   Skills:
 + Level 7.0 Fighting
 * Level 9.4 Long Blades
 + Level 6.4 Dodging
 - Level 1.5 Stealth


You had 7 spell levels left.
You didn't know any spells.
Your spell library contained the following spells:

 Spells                   Type           Power        Failure   Level  Hunger
 Lightning Bolt           Conj/Air       #.........   100%        5    ######.
 Shock                    Conj/Air       #...         38%         1    ##.....
 Swiftness                Chrm/Air       #.......     52%         2    ###....
 Airstrike                Air            #.........   99%         4    #####..
 Static Discharge         Conj/Air       #.......     77%         3    ####...


Dungeon Overview and Level Annotations

Branches:
Dungeon (9/15)
 Temple: D:4-7         Lair: D:8-11         Orc: D:9-12

Altars:
Xom


Innate Abilities, Weirdness & Mutations

You reflexively headbutt those who attack you in melee.
You have a pair of horns on your head.


Message History

Okay, then.
As you read the scroll labeled GECRAA OLUGREO, it crumbles to dust.
The creatures around you are filled with an inner flame!
It was a scroll of immolation.
The bullfrog closely misses you.
You are feeling hungry.
You closely miss the bullfrog. You headbutt the bullfrog!
The bullfrog is severely wounded.
The bullfrog completely misses you.
The orc priest miscasts a cantrip.
The bullfrog hits you.
Unknown command.
You slash the bullfrog!
The bullfrog explodes!
The fiery explosion engulfs the jelly.
The jelly explodes!
The fiery explosion engulfs the orc.
The orc explodes!
The fiery explosion engulfs you!
Ouch! That really hurt!
You die...

.#.##.##.#......
......).........
.#.##.#.o##.#...
...............#
.#.#...#§##.#..#
. #...#§# # .#
#...#§# .
#...#§# #...#@#
#...### #...


You could see an orc priest (inner flame).

Vanquished Creatures
  A steam dragon (D:8)
  A water moccasin (D:6)
  A sky beast (D:8)
  A phantom (D:8)
  An ice beast (D:8)
  An ogre (D:8)
  A centaur (D:6)
  A big kobold (D:7)
  A bullfrog (D:6)
  2 scorpions (D:8)
  A howler monkey (D:6)
  A crimson imp (D:6)
  A bullfrog zombie (D:6)
  2 jellies
  A bullfrog skeleton (D:8)
  2 orc wizards (D:6)
  4 worker ants
  A worker ant zombie (D:8)
  A howler monkey skeleton (D:7)
  3 adders
  A shadow imp (D:5)
  A dart slug (D:3)
  A leopard gecko (D:2)
  3 orcs
  4 bats
  2 giant cockroaches
  A goblin (D:2)
  3 hobgoblins
  4 jackals
  A quokka (D:6)
  A ball python (D:3)
  3 hobgoblin zombies (Ossuary)
  A jackal skeleton (D:6)
  2 jackal zombies (D:6)
  3 kobolds (D:7)
  A leopard gecko zombie (D:5)
  2 orc zombies (Ossuary)
  2 quokka skeletons
64 creatures vanquished.

Notes
Turn   | Place    | Note
-------+----------+-------------------------------------------
     0 | D:1      | 4thArraOfDagon the Minotaur Monk began the quest for the Orb.
     0 | D:1      | Reached XP level 1. HP: 19/19 MP: 0/0
   163 | D:2      | Reached skill level 4 in Long Blades
   178 | D:2      | Reached XP level 2. HP: 27/27 MP: 1/1
   295 | D:4      | Reached XP level 3. HP: 30/33 MP: 2/2
   344 | D:5      | Entered Level 5 of the Dungeon
   511 | D:5      | Found a shimmering altar of Xom.
   511 | D:5      | Noticed an ogre
   512 | D:5      | Noticed a sky beast
   575 | D:6      | Reached skill level 5 in Long Blades
   575 | D:6      | Reached XP level 4. HP: 27/41 MP: 3/3
   581 | D:6      | Noticed a water moccasin
   585 | D:6      | Killed a water moccasin
   585 | D:6      | Reached XP level 5. HP: 32/47 MP: 4/4
   624 | D:6      | Reached skill level 6 in Long Blades
   624 | D:6      | Reached skill level 5 in Fighting
   651 | D:6      | Noticed a centaur
   692 | D:6      | Killed a centaur
   692 | D:6      | Reached XP level 6. HP: 28/56 MP: 5/5
   850 | D:6      | Reached skill level 7 in Long Blades
   850 | D:6      | Reached skill level 5 in Dodging
  1079 | D:7      | Reached XP level 7. HP: 55/62 MP: 6/6
  1282 | D:8      | Reached skill level 8 in Long Blades
  1321 | D:8      | Found a sand-covered staircase.
  1329 | Ossuary  | Entered an ossuary
  1372 | D:8      | Noticed a steam dragon
  1378 | D:8      | Reached XP level 8. HP: 23/71 MP: 7/7
  1387 | D:8      | Reached skill level 9 in Long Blades
  1610 | D:9      | Killed from afar by a bullfrog

Vault maps used:
D:1:      dpeg_arrival_arbitrary_b
D:2:      nicolae_overflow_quartered_altars, bh_walls_and_bars,
          uniq_crazy_yiuf_cottage
D:3:      nicolae_underground_beach, uniq_jessica
D:4:      first_ration, uniq_duvessa, uniq_grinder
D:5:      minmay_temple_entry_enclosed_plants, minmay_misc_feat_diagonals,
          serial_bayou_pond_d, minmay_misc_feat_ornament, xom_confusion_cloud
D:6:      gup_sewer_entry_bubbles
D:8:      nicolae_ossuary_entry_plus, hangedman_pestilent_swarm,
          hangedman_abyss_or_decor_jellyfish_corner,
          hangedman_abyss_or_decor_stabs, kb_lookout_dungeons_type,
          grunt_dithmenos_shadows, uniq_joseph
D:9:      gammafunk_temple_overflow_elements, serial_shops,
          nicolae_shop_overgrown_old_shop, lemuel_blue_sif_altar
Ossuary:  ossuary_tomb_1

Skill      XL: |  1  2  3  4  5  6  7  8 |
---------------+-------------------------+-----
Long Blades    | 4 5 6 7 8 9 |  9.4
Fighting       | 4 5 6 7 |  7.0
Dodging        | 4 5 6 |  6.4
Stealth        | |  1.5

Action                   |  1- 3 |  4- 6 |  7- 9 || total
-------------------------+-------+-------+-------++-------
Melee: Falchion          |    40 |       |       ||    40
       Headbutt          |    12 |     6 |    16 ||    34
       Scimitar          |     6 |    32 |    66 ||   104
Evoke: Wand              |       |     3 |     5 ||     8
  Use: Scroll            |     4 |     2 |     3 ||     9
       Potion            |     1 |       |     1 ||     2
 Stab: Sleeping          |     1 |     2 |     1 ||     4
       Paralysed         |       |       |    12 ||    12
  Eat: Chunk             |       |       |     2 ||     2
Armor: Robe              |    15 |     5 |     3 ||    23
Dodge: Dodged            |    52 |    33 |    43 ||   128
       Rpst.: Falchion   |    16 |       |       ||    16
       Scimitar          |     1 |     7 |    17 ||    25

Table legend:
 A = Spawn XP
 B = Non-spawn XP
 C = Spawn XP percentage of total XP
 D = Spawn monster count
 E = Non-spawn monster count
 F = Spawn count percentage of total count
 G = Total turns spent on level
                    A         B        C        D         E        F      G
               +---------+---------+-------+---------+---------+-------+---------
         Total |       0 |    1886 |   0.0 |       0 |      64 |   0.0 |  1610
               +---------+---------+-------+---------+---------+-------+---------
           D:1 |       0 |       4 |   0.0 |       0 |       2 |   0.0 |   104
           D:2 |       0 |       9 |   0.0 |       0 |       4 |   0.0 |    86
           D:3 |       0 |      26 |   0.0 |       0 |       8 |   0.0 |   101
           D:4 |       0 |      13 |   0.0 |       0 |       1 |   0.0 |   130
           D:5 |       0 |      43 |   0.0 |       0 |       6 |   0.0 |   108
           D:6 |       0 |     612 |   0.0 |       0 |      17 |   0.0 |   390
           D:7 |       0 |     130 |   0.0 |       0 |       6 |   0.0 |   287
           D:8 |       0 |     998 |   0.0 |       0 |      13 |   0.0 |   350
           D:9 |       0 |      46 |   0.0 |       0 |       2 |   0.0 |    24
       Ossuary |       0 |       5 |   0.0 |       0 |       5 |   0.0 |    30
               +---------+---------+-------+---------+---------+-------+---------
